MID
DAYTON DRAGONS @ FORT WAYNE TINCAPS
04/25/2044
 
TOP OF THE 1ST
Dayton Dragons batting - Pitching for Fort Wayne TinCaps : LHP Blaine Whitmore
Pitching: LHP Blaine Whitmore
Batting: LHB Chris Grunwald 0-0: Called Strike
0-1: Ball
1-1: Ball
2-1: Ball
3-1: Base on Balls
Batting: LHB Andy Schumacher 0-0: Ball
Chris Grunwald steals 2nd base
1-0: Ground out U3 (Groundball, 3, EV 87.5 MPH)
Chris Grunwald to third
Batting: RHB Mark Williams 0-0: Ball
1-0: Ball
2-0: Foul Ball, location: 2F
2-1: SINGLE (Flyball, 3D, EV 91.9 MPH)
Chris Grunwald scores
Batting: SHB Kristian Kristensen 0-0: Ground out 4-3 (Groundball, 34, EV 100.6 MPH)
Mark Williams to second
Batting: LHB Leo Gomez 0-0: Ball
1-0: Ball
2-0: SINGLE (Line Drive, 7LS, EV 101.9 MPH)
Mark Williams to third
Batting: LHB Matt Kennedy 0-0: Called Strike
0-1: Ball
1-1: Called Strike
Pickoff Throw to First - Out! 1-3
Top of the 1st over - 1 run, 2 hits, 0 errors, 1 left on base; Dayton 1 - Fort Wayne 0
BOTTOM OF THE 1ST
Fort Wayne TinCaps batting - Pitching for Dayton Dragons : RHP Justin Ezzell
Pitching: RHP Justin Ezzell
Batting: SHB Adam Martin 0-0: Ball
1-0: Reached on error, E1 (Line Drive, P, EV 69.4 MPH)
Batting: RHB Rodolfo Rivera 0-0: Ball
1-0: Ball
Adam Martin steals 2nd base (no throw)
2-0: DOUBLE (Line Drive, 78M, EV 104.4 MPH)
Adam Martin scores
Batting: LHB James Sousa 0-0: Fly out, F7 (Line Drive, 7, EV 86.9 MPH)
Batting: RHB Juan Martinez 0-0: Ball
1-0: Ball
2-0: Ball
3-0: Fly out, F7 (Flyball, 7LS, EV 90.6 MPH)
Batting: LHB Mike Schermerhorn 0-0: Ball
1-0: Swinging Strike
1-1: Foul Ball, location: 2F
1-2: Strikes out swinging
Bottom of the 1st over - 1 run, 1 hit, 1 error, 1 left on base; Dayton 1 - Fort Wayne 1
TOP OF THE 2ND
Dayton Dragons batting - Pitching for Fort Wayne TinCaps : LHP Blaine Whitmore
Batting: LHB Matt Kennedy 0-0: Called Strike
0-1: SINGLE (Flyball, 4MD, EV 91.3 MPH)
Batting: RHB John Galluzzo 0-0: Called Strike
0-1: Swinging Strike
0-2: Ball
1-2: Ball
2-2: Fielders Choice at 2nd, 6-4 (Groundball, 6S, EV 80.0 MPH)
Batting: RHB Tim Walter 0-0: Ball
1-0: Grounds into double play, 6-4-3 (Groundball, 6, EV 77.5 MPH)
Top of the 2nd over - 0 runs, 1 hit, 0 errors, 0 left on base; Dayton 1 - Fort Wayne 1
BOTTOM OF THE 2ND
Fort Wayne TinCaps batting - Pitching for Dayton Dragons : RHP Justin Ezzell
Batting: RHB Mike Maserang 0-0: Foul Ball, location: 2F
0-1: Ball
1-1: Foul Ball, location: 2F
1-2: Foul Ball, location: 2F
1-2: Ball
2-2: Foul Ball, location: 2F
2-2: Fly out, F8 (Flyball, 8LXD, EV 100.6 MPH)
Batting: SHB Josh Parker 0-0: Ball
1-0: Called Strike
1-1: Ball
2-1: SINGLE (Line Drive, 7LS, EV 92.5 MPH)
Batting: RHB Rich Justice 0-0: Ball
1-0: Ball
2-0: Ball
3-0: Base on Balls
Josh Parker to second
Batting: RHB Nelson Trujillo 0-0: Foul Ball, location: 2F
0-1: Swinging Strike
0-2: Hit by Pitch
Josh Parker to third
Rich Justice to second
Batting: SHB Adam Martin 0-0: DOUBLE (Line Drive, 8LD, EV 98.8 MPH)
Josh Parker scores
Rich Justice scores
Nelson Trujillo to third
Batting: RHB Rodolfo Rivera 0-0: Foul Ball, location: 2F
0-1: Ball
1-1: Foul Ball, location: 2F
1-2: Fly out, F4 (Popup, 4S, EV 71.3 MPH)
Batting: LHB James Sousa 0-0: Ball
1-0: Ball
2-0: Ball
3-0: Base on Balls
Batting: RHB Juan Martinez 0-0: GRAND SLAM HOME RUN (Flyball, 78XD, EV 108.1 MPH), Distance : 422 ft
Batting: LHB Mike Schermerhorn 0-0: Called Strike
0-1: Ball
1-1: Foul Ball, location: 2F
1-2: Hit by Pitch
Batting: RHB Mike Maserang 0-0: Ball
1-0: Called Strike
1-1: Foul Ball, location: 2F
1-2: Foul Ball, location: 2F
1-2: Foul Ball, location: 2F
1-2: Fly out, F3 (Line Drive, 3, EV 65.6 MPH)
Bottom of the 2nd over - 6 runs, 3 hits, 0 errors, 1 left on base; Dayton 1 - Fort Wayne 7
TOP OF THE 3RD
Dayton Dragons batting - Pitching for Fort Wayne TinCaps : LHP Blaine Whitmore
Batting: RHB Frank Moron 0-0: Ball
1-0: Ground out 6-3 (Groundball, 6, EV 91.3 MPH)
Batting: LHB Chris Grunwald 0-0: Foul Ball, location: 2F
0-1: Foul Ball, location: 2F
0-2: Foul Ball, location: 2F
0-2: Ball
1-2: Foul Ball, location: 2F
1-2: Fly out, F9 (Flyball, 9LM, EV 96.9 MPH)
Batting: LHB Andy Schumacher 0-0: Called Strike
0-1: Fly out, F8 (Flyball, 8RD, EV 100.6 MPH)
Top of the 3rd over - 0 runs, 0 hits, 0 errors, 0 left on base; Dayton 1 - Fort Wayne 7
BOTTOM OF THE 3RD
Fort Wayne TinCaps batting - Pitching for Dayton Dragons : RHP Justin Ezzell
Batting: SHB Josh Parker 0-0: Foul Ball, location: 2F
0-1: Foul Ball, location: 2F
0-2: Foul Ball, location: 2F
0-2: Foul Ball, location: 2F
0-2: Ground out 5-3 (Groundball, 6, EV 103.1 MPH)
Batting: RHB Rich Justice 0-0: Called Strike
0-1: Foul Ball, location: 2F
0-2: Ball
1-2: Fly out, F8 (Line Drive, 8LD, EV 90.0 MPH)
Batting: RHB Nelson Trujillo 0-0: Ball
1-0: Called Strike
1-1: SINGLE (Groundball, 6S, EV 61.3 MPH) (infield hit)
Batting: SHB Adam Martin 0-0: Ball
1-0: Ball
2-0: Ball
3-0: Base on Balls
Nelson Trujillo to second
Batting: RHB Rodolfo Rivera 0-0: Ball
1-0: Ball
2-0: SINGLE (Groundball, 6MD, EV 96.3 MPH) (infield hit)
Nelson Trujillo to third
Adam Martin to second
Batting: LHB James Sousa 0-0: Swinging Strike
0-1: Foul Ball, location: 2F
0-2: Ball
1-2: Ball
2-2: Ball
3-2: Foul Ball, location: 2F
3-2: GRAND SLAM HOME RUN (Flyball, 9D, EV 98.1 MPH), Distance : 388 ft
Pitching: RHP Ricky Castillo
Batting: RHB Juan Martinez 0-0: Called Strike
0-1: Ball
1-1: Ground out 6-3 (Groundball, 6, EV 106.9 MPH)
Bottom of the 3rd over - 4 runs, 3 hits, 0 errors, 0 left on base; Dayton 1 - Fort Wayne 11
TOP OF THE 4TH
Dayton Dragons batting - Pitching for Fort Wayne TinCaps : LHP Blaine Whitmore
Batting: RHB Mark Williams 0-0: Called Strike
0-1: Ground out U3 (Groundball, 3, EV 85.6 MPH)
Batting: SHB Kristian Kristensen 0-0: Ball
1-0: Ball
2-0: Ball
3-0: Called Strike
3-1: Called Strike
3-2: Fly out, F8 (Line Drive, 8LD, EV 105.6 MPH)
Batting: LHB Leo Gomez 0-0: Ball
1-0: Swinging Strike
1-1: Ball
2-1: Ball
3-1: Base on Balls
Batting: LHB Matt Kennedy 0-0: Swinging Strike
0-1: Ball
1-1: Ball
2-1: Ball
3-1: Base on Balls
Leo Gomez to second
Batting: RHB John Galluzzo 0-0: Swinging Strike
0-1: Ball
1-1: Ball
2-1: Swinging Strike
2-2: Strikes out swinging
Top of the 4th over - 0 runs, 0 hits, 0 errors, 2 left on base; Dayton 1 - Fort Wayne 11
BOTTOM OF THE 4TH
Fort Wayne TinCaps batting - Pitching for Dayton Dragons : RHP Ricky Castillo
Batting: LHB Mike Schermerhorn 0-0: Ball
1-0: Ball
2-0: Ball
3-0: Called Strike
3-1: Foul Ball, location: 2F
3-2: Strikes out swinging
Batting: RHB Mike Maserang 0-0: Called Strike
0-1: Foul Ball, location: 2F
0-2: Ball
1-2: Ball
2-2: Foul Ball, location: 2F
2-2: Ball
3-2: Base on Balls
Batting: SHB Josh Parker 0-0: Ball
1-0: Ball
2-0: Fly out, F6 (Flyball, 6D, EV 83.1 MPH)
Pitching: RHP Joe Green
Batting: RHB Rich Justice 0-0: Ball
1-0: Foul Ball, location: 2F
1-1: SINGLE (Line Drive, 8RM, EV 93.1 MPH)
Mike Maserang to second
Batting: RHB Nelson Trujillo 0-0: Ball
1-0: Foul Ball, location: 2F
1-1: Ground out 5-3 (Groundball, 5L, EV 81.9 MPH)
Bottom of the 4th over - 0 runs, 1 hit, 0 errors, 2 left on base; Dayton 1 - Fort Wayne 11
TOP OF THE 5TH
Dayton Dragons batting - Pitching for Fort Wayne TinCaps : LHP Blaine Whitmore
Batting: RHB Tim Walter 0-0: Called Strike
0-1: Ball
1-1: Foul Ball, location: 2F
1-2: Foul Ball, location: 2F
1-2: Ball
2-2: Ball
3-2: Fly out, F8 (Flyball, 8RD, EV 77.5 MPH)
Batting: RHB Frank Moron 0-0: Foul Ball, location: 2F
0-1: Ball
1-1: Called Strike
1-2: Foul Ball, location: 2F
1-2: Ball
2-2: Hit by Pitch
Batting: LHB Chris Grunwald 0-0: Foul Ball, location: 2F
0-1: Ball
1-1: Swinging Strike
1-2: Ball
2-2: Ball
3-2: Foul Ball, location: 2F
3-2: Fly out, F9 (Flyball, 89S, EV 76.3 MPH)
Batting: LHB Andy Schumacher 0-0: Ball
1-0: Ball
2-0: Ball
3-0: Called Strike
3-1: Swinging Strike
3-2: Strikes out swinging
Top of the 5th over - 0 runs, 0 hits, 0 errors, 1 left on base; Dayton 1 - Fort Wayne 11
BOTTOM OF THE 5TH
Fort Wayne TinCaps batting - Pitching for Dayton Dragons : RHP Joe Green
Batting: SHB Adam Martin 0-0: Ball
1-0: Ball
2-0: Ball
3-0: Base on Balls
Batting: RHB Rodolfo Rivera 0-0: Ball
1-0: Ball
2-0: Ball
3-0: Called Strike
3-1: Foul Ball, location: 2F
3-2: Foul Ball, location: 2F
3-2: Fly out, F3 (Line Drive, 3, EV 68.1 MPH)
Batting: LHB James Sousa 0-0: Ball
1-0: Foul Ball, location: 2F
1-1: SINGLE (Line Drive, 78M, EV 103.8 MPH)
Adam Martin to second
Pitching: LHP Tim Ketcham
Batting: RHB Juan Martinez 0-0: Foul Ball, location: 2F
0-1: Ball
1-1: Fielders Choice at 2nd, 6-4 (Groundball, 6, EV 88.1 MPH)
Adam Martin to third
Batting: LHB Mike Schermerhorn 0-0: Ball
1-0: Ball
2-0: SINGLE (Flyball, 78M, EV 78.1 MPH)
Adam Martin scores
Juan Martinez to second
Batting: RHB Mike Maserang 0-0: Ball
1-0: Ball
2-0: Ball
3-0: Base on Balls
Juan Martinez to third
Mike Schermerhorn to second
Batting: SHB Josh Parker 0-0: Ball
1-0: SINGLE (Flyball, 78S, EV 83.1 MPH)
Juan Martinez scores
Mike Schermerhorn to third
Mike Maserang to second
Runner from 3rd tries for Home, SAFE, throw by LF to home
Batting: RHB Rich Justice 0-0: Hit by Pitch
Mike Maserang to third
Josh Parker to second
Batting: RHB Nelson Trujillo 0-0: Ball
1-0: Ball
2-0: Ball
3-0: Called Strike
3-1: Base on Balls
Mike Maserang scores
Josh Parker to third
Rich Justice to second
Pitching: RHP Pat Grover
Batting: SHB Adam Martin 0-0: Foul Ball, location: 2F
0-1: Ball
1-1: Foul Ball, location: 2F
1-2: Ball
2-2: Ball
3-2: Base on Balls
Josh Parker scores
Rich Justice to third
Nelson Trujillo to second
Batting: RHB Rodolfo Rivera 0-0: Called Strike
0-1: Fielders Choice at 2nd, 6-4 (Groundball, 6, EV 106.3 MPH)
Bottom of the 5th over - 5 runs, 3 hits, 0 errors, 3 left on base; Dayton 1 - Fort Wayne 16
TOP OF THE 6TH
Dayton Dragons batting - Pitching for Fort Wayne TinCaps : LHP Blaine Whitmore
Pitching: RHP Arturo Diaz
Batting: RHB Mark Williams 0-0: Ball
1-0: Ball
2-0: Ball
3-0: Called Strike
3-1: Ground out 6-3 (Groundball, 6S, EV 68.8 MPH)
Batting: SHB Kristian Kristensen 0-0: Ball
1-0: Ball
2-0: Called Strike
2-1: Ball
3-1: Foul Ball, location: 2F
3-2: Ground out U3 (Groundball, 3S, EV 88.1 MPH)
Batting: LHB Leo Gomez 0-0: Called Strike
0-1: Ball
1-1: Foul Ball, location: 2F
1-2: Foul Ball, location: 2F
1-2: Fly out, F7 (Flyball, 7, EV 93.8 MPH)
Top of the 6th over - 0 runs, 0 hits, 0 errors, 0 left on base; Dayton 1 - Fort Wayne 16
BOTTOM OF THE 6TH
Fort Wayne TinCaps batting - Pitching for Dayton Dragons : RHP Pat Grover
Batting: LHB James Sousa 0-0: Called Strike
0-1: Swinging Strike
0-2: Strikes out looking
Batting: RHB Juan Martinez 0-0: Ball
1-0: Ball
2-0: Ball
3-0: Base on Balls
Batting: LHB Mike Schermerhorn 0-0: Ball
1-0: Fielders Choice at 2nd, 4-6 (Groundball, 4, EV 82.5 MPH)
Batting: RHB Mike Maserang 0-0: Called Strike
0-1: Ground out 5-3 (Groundball, 56S, EV 71.3 MPH)
Bottom of the 6th over - 0 runs, 0 hits, 0 errors, 1 left on base; Dayton 1 - Fort Wayne 16
TOP OF THE 7TH
Dayton Dragons batting - Pitching for Fort Wayne TinCaps : RHP Arturo Diaz
Batting: LHB Matt Kennedy 0-0: Ball
1-0: Called Strike
1-1: Foul Ball, location: 2F
1-2: Strikes out looking
Pinch Hitting: RHB Sean Jenkinson 0-0: Ball
1-0: Called Strike
1-1: SOLO HOME RUN (Flyball, 78XD, EV 109.4 MPH), Distance : 428 ft
Batting: RHB Tim Walter 0-0: Ball
1-0: Ground out 6-3 (Groundball, 6, EV 85.0 MPH)
Pinch Hitting: RHB Travis Petrick 0-0: Called Strike
0-1: Called Strike
0-2: Ball
1-2: Ball
2-2: Foul Ball, location: 2F
2-2: Strikes out looking
Top of the 7th over - 1 run, 1 hit, 0 errors, 0 left on base; Dayton 2 - Fort Wayne 16
BOTTOM OF THE 7TH
Fort Wayne TinCaps batting - Pitching for Dayton Dragons : RHP Pat Grover
Now at 1B: Sean Jenkinson
Now at 3B: Travis Petrick
Batting: SHB Josh Parker 0-0: Ball
1-0: Ball
2-0: SINGLE (Groundball, 34D, EV 100.0 MPH)
Batting: RHB Rich Justice 0-0: Foul Ball, location: 2F
0-1: Ball
1-1: Foul Ball, location: 2F
1-2: Ball
Wild Pitch!
Josh Parker to second
2-2: Ball
3-2: Foul Ball, location: 2F
3-2: Fly out, F8 (Flyball, 8RD, EV 83.1 MPH)
Batting: RHB Nelson Trujillo 0-0: Called Strike
Balk!
Josh Parker to third
0-1: Fly out, F7 (Flyball, 7D, EV 94.4 MPH)
Runner from 3rd tags up, SCORES, throw by LF
Batting: SHB Adam Martin 0-0: Ball
1-0: Reached on error, E6 (Groundball, 6, EV 83.1 MPH)
Pinch Hitting: LHB Angel Mejia 0-0: Called Strike
0-1: SINGLE (Groundball, 6MD, EV 110.6 MPH)
Adam Martin to second
Batting: LHB James Sousa 0-0: Ground out 4-3 (Groundball, 4, EV 104.4 MPH)
Bottom of the 7th over - 1 run, 2 hits, 1 error, 2 left on base; Dayton 2 - Fort Wayne 17
TOP OF THE 8TH
Dayton Dragons batting - Pitching for Fort Wayne TinCaps : RHP Arturo Diaz
Now at SS: Angel Mejia
Batting: LHB Andrew Hamm 0-0: Ball
1-0: SINGLE (Groundball, 5D, EV 99.4 MPH)
Pitching: RHP Brian McDaniel
Batting: LHB Andy Schumacher 0-0: Ball
1-0: Foul Ball, location: 2F
1-1: Foul Ball, location: 2F
1-2: Ball
2-2: Foul Ball, location: 2F
2-2: Foul Ball, location: 2F
2-2: Ball
3-2: Grounds into double play, 5-4-3 (Groundball, 56, EV 86.9 MPH)
Pinch Hitting: RHB Ben Hinman 0-0: Called Strike
0-1: Ball
1-1: Foul Ball, location: 2F
1-2: Ball
2-2: Fly out, F9 (Flyball, 89D, EV 89.4 MPH)
Top of the 8th over - 0 runs, 1 hit, 0 errors, 0 left on base; Dayton 2 - Fort Wayne 17
BOTTOM OF THE 8TH
Fort Wayne TinCaps batting - Pitching for Dayton Dragons : RHP Pat Grover
Pitching: RHP Justin Ambrose
Now at 2B: Jonathan Davis
Batting: RHB Juan Martinez 0-0: Ground out 5-3 (Groundball, 56S, EV 86.9 MPH)
Batting: LHB Mike Schermerhorn 0-0: Ball
1-0: Foul Ball, location: 2F
1-1: SOLO HOME RUN (Flyball, 9D, EV 97.5 MPH), Distance : 379 ft
Batting: RHB Mike Maserang 0-0: Ball
1-0: Called Strike
1-1: Ball
2-1: Ball
3-1: Fly out, F3 (Line Drive, 3, EV 73.1 MPH)
Batting: SHB Josh Parker 0-0: Ball
1-0: Ground out 5-3 (Groundball, 56, EV 85.0 MPH)
Bottom of the 8th over - 1 run, 1 hit, 0 errors, 0 left on base; Dayton 2 - Fort Wayne 18
TOP OF THE 9TH
Dayton Dragons batting - Pitching for Fort Wayne TinCaps : RHP Brian McDaniel
Batting: SHB Kristian Kristensen 0-0: Fly out, F9 (Flyball, 9S, EV 95.0 MPH)
Batting: LHB Leo Gomez 0-0: Ball
1-0: Called Strike
1-1: Foul Ball, location: 2F
1-2: Strikes out looking
Batting: LHB Matt Kennedy 0-0: Swinging Strike
0-1: Swinging Strike
0-2: Strikes out swinging
Top of the 9th over - 0 runs, 0 hits, 0 errors, 0 left on base; Dayton 2 - Fort Wayne 18
Thursday, March 31st , 2022 - OOTP Baseball 22.12 Build 89